 Dungeon Crawl Stone Soup version 0.21-a0-450-gd87a9b2 (webtiles) character file.

176 slep the Slasher (level 5, -8/43 HPs)
             Began as a Barachi Monk on Nov 18, 2017.
             Mangled by a gnoll
             ... wielding a +0 flail
              (11 damage)
             ... on level 3 of the Dungeon.
             The game lasted 00:07:29 (1837 turns).

slep the Slasher (Barachi Monk)                     Turns: 1837, Time: 00:07:29

Health: -8/43      AC: 11    Str: 12      XL:     5   Next: 56%
Magic:  5/5        EV:  6    Int: 10      God:
Gold:   25         SH:  0    Dex: 15 (16) Spells: 4/4 levels left

rFire    . . .     SeeInvis .   a - +0 falchion
rCold    . . .     Gourm    .   (no shield)
rNeg     . . .     Faith    .   j - +0 chain mail
rPois    .         Spirit   .   n - +2 helmet
rElec    .         Reflect  .   (no cloak)
rCorr    .         Harm     .   (no gloves)
MR       .....                  (no boots)
Stlth    ..........             (no amulet)
HPRegen  0.14/turn              (no ring)
MPRegen  0.09/turn              (no ring)

@: slow
A: +LOS, swims, slowness 1, strong legs 1
a: Hop


You were on level 3 of the Dungeon.
You were very hungry.

You visited 1 branch of the dungeon, and saw 3 of its levels.

You collected 25 gold pieces.

Inventory:

Hand Weapons
 a - a +0 falchion (weapon)
Armour
 b - a +0 robe
 j - a +0 chain mail (worn)
 n - a +2 helmet (worn)
Scrolls
 g - 3 scrolls of teleportation {unknown}
 k - a scroll of enchant weapon {unknown}
 l - a scroll of amnesia {unknown}
Potions
 d - a potion of curing {unknown}
 e - a potion of degeneration
 m - a potion of brilliance {unknown}
Comestibles
 c - 2 bread rations
 f - 2 meat rations
 h - 3 fruits
 i - a royal jelly


   Skills:
 + Level 4.4 Fighting
 + Level 5.7 Long Blades
 + Level 1.5 Armour
 + Level 4.0 Dodging
 + Level 2.4 Stealth


You had 4 spell levels left.
You didn't know any spells.

Dungeon Overview and Level Annotations

Branches:
Dungeon (3/15)

Altars:
Nemelex Xobeh
Sif Muna


Innate Abilities, Weirdness & Mutations

Shadows flee at your approach. (+LOS)
You can swim through water.
You cover ground slowly.
You can hop short distances.


Message History

Your chain mail prevents you from hitting the gnoll.
The gnoll is moderately wounded.
The gnoll hits you but does no damage. The gnoll hits you with a flail.
* * * LOW HITPOINT WARNING * * *
You hit the gnoll.
The gnoll is heavily wounded.
The gnoll hits you from afar with a spear.
* * * LOW HITPOINT WARNING * * *
The gnoll hits you but does no damage.
You hit the gnoll but do no damage.
The gnoll is heavily wounded.
The gnoll hits you but does no damage. The gnoll hits you with a flail!
* * * LOW HITPOINT WARNING * * *
You hit the gnoll.
The gnoll is severely wounded.
The gnoll hits you but does no damage.
You closely miss the gnoll.
The gnoll is severely wounded.
The gnoll hits you with a flail!
You die...

######## #......#
#......# #......#
# #......# .#
#......# #######.#
#......###.......#
#[..<..@gg.......#
##########......##
#.g....# #g.....#
#.?....# #......#
........#
..........#
............#


You could see 2 gnolls.

Vanquished Creatures
  A hound (D:3)
  Terence (D:2)
  Robin (D:2)
  2 adders (D:2)
  2 gnolls (D:3)
  2 oozes (D:1)
  5 dart slugs
  A leopard gecko (D:1)
  A giant cockroach (D:2)
  14 goblins
  4 hobgoblins
  3 jackals (D:1)
  5 kobolds
  A quokka (D:3)
  4 bats
  3 frilled lizards
  6 rats
56 creatures vanquished.

Notes
Turn   | Place    | Note
-------+----------+-------------------------------------------
     0 | D:1      | slep the Barachi Monk began the quest for the Orb.
     0 | D:1      | Reached XP level 1. HP: 18/18 MP: 1/1
    45 | D:1      | Reached XP level 2. HP: 25/25 MP: 2/2
    54 | D:1      | Reached skill level 4 in Long Blades
   345 | D:1      | Reached XP level 3. HP: 21/30 MP: 3/3
   878 | D:2      | Noticed Terence
   879 | D:2      | Found a sparkling altar of Nemelex Xobeh.
   907 | D:2      | Killed Terence
   907 | D:2      | Reached XP level 4. HP: 25/37 MP: 4/4
  1087 | D:2      | Reached skill level 5 in Long Blades
  1252 | D:2      | Noticed Robin
  1262 | D:2      | Killed Robin
  1276 | D:2      | Reached XP level 5. HP: 42/43 MP: 5/5
  1287 | D:2      | Reached skill level 1 in Armour
  1558 | D:2      | Found a deep blue altar of Sif Muna.
  1837 | D:3      | Mangled by a gnoll

Vault maps used:
D:1:      eino_arrival_water_cross
D:2:      lemuel_blue_sif_altar, nemelex_xobeh_ov_fountains_minmay, uniq_robin,
          uniq_terence
D:3:      kiku_gazebo_garden_becter, first_bread

Skill      XL: |  1  2  3  4  5 |
---------------+----------------+-----
Long Blades    | 4 5 |  5.7
Stealth        | 2 |  2.4
Fighting       | 4 |  4.4
Armour         | 1 |  1.5
Dodging        | 4 |  4.0

Action                   |  1- 3 |  4- 6 || total
-------------------------+-------+-------++-------
Melee: Falchion          |    90 |   139 ||   229
  Use: Potion            |       |     2 ||     2
 Stab: Sleeping          |     3 |       ||     3
  Eat: Chunk             |       |     3 ||     3
Armor: Robe              |    11 |       ||    11
       Chain mail        |    20 |    92 ||   112
Dodge: Dodged            |    47 |    47 ||    94
       Rpst.: Falchion   |    18 |    15 ||    33

Table legend:
 A = Spawn XP
 B = Non-spawn XP
 C = Spawn XP percentage of total XP
 D = Spawn monster count
 E = Non-spawn monster count
 F = Spawn count percentage of total count
 G = Total turns spent on level
                    A         B        C        D         E        F      G
               +---------+---------+-------+---------+---------+-------+---------
         Total |       0 |     252 |   0.0 |       0 |      56 |   0.0 |  1837
               +---------+---------+-------+---------+---------+-------+---------
           D:1 |       0 |      53 |   0.0 |       0 |      22 |   0.0 |   702
           D:2 |       0 |     124 |   0.0 |       0 |      28 |   0.0 |  1044
           D:3 |       0 |      75 |   0.0 |       0 |       6 |   0.0 |    91
               +---------+---------+-------+---------+---------+-------+---------
